 Dungeon Sprint DCSS version 0.29-a0-352-g0917bc69df (webtiles) character file.

Game seed: 9461769104351811503

167 mhtbhm the Skirmisher (level 5, -8/76 HPs)
             Began as a Minotaur Fighter on Apr 25, 2022.
             Was a Follower of Okawaru.
             Mangled by an orc knight
             ... wielding a +3 war axe
              (16 damage)
             ... in the Dungeon (Sprint VII: "The Pits").
             The game lasted 00:01:50 (504 turns).

mhtbhm the Skirmisher (Minotaur Fighter)             Turns: 504, Time: 00:01:50

Health: -8/76      AC: 15    Str: 23    XL:     5   Next: 23%
Magic:  6/7        EV: 10    Int:  5    God:    Okawaru [*.....]
Gold:   0          SH:  6    Dex:  9    Spells: 4/4 levels left

rFire   . . .      SeeInvis .   a - +2 hand axe
rCold   . . .      Faith    .   c - +0 buckler
rNeg    . . .      Spirit   .   b - +3 chain mail
rPois   .          Reflect  .   (helmet restricted)
rElec   .          Harm     .   (no cloak)
rCorr   .          Rampage  .   (no gloves)
Will    .....      NoTele   +   (no boots)
Stlth   ..........              (no amulet)
HPRegen 0.22/turn               (no ring)
MPRegen 0.10/turn               (no ring)

@: berserking, heroic, very quick
A: horns 2, retaliatory headbutt
a: Renounce Religion, Heroism


You were in the Dungeon.
You worshipped Okawaru.
Okawaru was aware of your devotion.
You visited 1 branch

Inventory:

Hand Weapons
 a - a +2 hand axe (weapon)
Armour
 b - a +3 chain mail (worn)
 c - a +0 buckler (worn)
Scrolls
 j - a scroll of blinking
 l - 5 scrolls of amnesia
 m - a scroll of summoning
Potions
 d - a potion of might
 e - 6 potions of curing
 f - 2 potions of heal wounds
 g - a potion of haste
 h - 4 potions of magic
 i - 2 potions of berserk rage
 k - 2 potions of invisibility


   Skills:
 + Level 6.9(11.9) Fighting
 + Level 6.7(11.7) Axes
 + Level 6.7(11.7) Armour
 + Level 1.6(6.6) Dodging
 + Level 6.2(11.2) Shields
 * Level 4.0 Invocations


You had 4 spell levels left.
You didn't know any spells.
Your spell library was empty.

Dungeon Overview and Level Annotations

Branches:
Dungeon (1/1)

Altars:
Ashenzari
Cheibriados
Dithmenos
Elyvilon
Fedhas
Gozag
Hepliaklqana
Kikubaaqudgha
Makhleb
Nemelex Xobeh
Okawaru
Qazlal
Ru
Sif Muna
Trog
Uskayaw
Vehumet
Wu Jian
Xom
Yredelemnul
Zin
The Shining One
Beogh
Jiyva
Lugonu


Innate Abilities, Weirdness & Mutations

You have a pair of horns on your head.
You reflexively headbutt those who attack you in melee.


Message History

You headbutt the orc knight. You closely miss the orc knight.
The orc knight is lightly wounded.
The orc knight hits you with a +3 war axe!
You gain the combat prowess of a mighty hero.
The orc knight hits you with a +3 war axe!
There is an open door, spattered with blood here.
Unknown command.
You feel much better.
The orc knight hits you with a +3 war axe!
You barely miss the orc knight. Your headbutt misses the orc knight.
The orc knight is lightly wounded.
You hit the orc knight but do no damage.
The orc knight is lightly wounded.
The orc knight hits you with a +3 war axe.
You feel much better. The orc knight barely misses you.
You furiously retaliate!
You headbutt the orc knight.
You hit the orc knight but do no damage.
The orc knight is moderately wounded.
The orc knight hits you with a +3 war axe!
You hit the orc knight but do no damage.
You headbutt the orc knight, but do no damage.
The orc knight is moderately wounded.
A red film seems to cover your vision as you go berserk!
You feel yourself moving faster!
You feel mighty! You block the orc knight's attack.
You hit the orc knight. You headbutt the orc knight.
The orc knight is moderately wounded.
The orc knight hits you with a +3 war axe!
You closely miss the orc knight.
The orc knight is moderately wounded.
The orc knight hits you with a +3 war axe!!
* * * LOW HITPOINT WARNING * * *
You hit the orc knight but do no damage.
Your headbutt misses the orc knight.
The orc knight is moderately wounded.
You closely miss the orc knight. Your headbutt misses the orc knight.
The orc knight is moderately wounded.
The orc knight hits you with a +3 war axe!
You die...

#.#...)....##.......#
#.#........##.......#
#'###########.......#
#.......# #########
#..###..# #.......#
##.###.##+#
#.......#.+
#..###..#@#
#.......o.#
###########


You could see an orc knight.

Vanquished Creatures
  A sky beast (D)
  An iguana (D)
  2 gnolls (D)
  A white imp (D)
  A giant cockroach (D)
  2 goblins (D)
  A hobgoblin (D)
  9 jackals (D)
  A bat (D)
  2 frilled lizards (D)
  A quokka skeleton (D)
  A rat (D)
23 creatures vanquished.

Notes
Turn   | Place    | Note
-------+----------+-------------------------------------------
     0 | D        | mhtbhm the Minotaur Fighter began the quest for the Orb.
     0 | D        | Reached XP level 1. HP: 19/19 MP: 0/0
    61 | D        | Found a bloodstained altar of Trog.
    61 | D        | Found a shimmering blue altar of Sif Muna.
    61 | D        | Found a viscous altar of Jiyva.
    61 | D        | Found a hazy altar of Hepliaklqana.
    61 | D        | Found an opulent altar of Gozag.
    62 | D        | Found a glowing golden altar of the Shining One.
    62 | D        | Found a glowing silver altar of Zin.
    62 | D        | Found a basalt altar of Yredelemnul.
    62 | D        | Found a shimmering altar of Xom.
    62 | D        | Found an ornate altar of the Wu Jian Council.
    62 | D        | Found a sacrificial altar of Ru.
    62 | D        | Found a stormy altar of Qazlal.
    62 | D        | Found an iron altar of Okawaru.
    62 | D        | Found a sparkling altar of Nemelex Xobeh.
    62 | D        | Found a burning altar of Makhleb.
    62 | D        | Found a blossoming altar of Fedhas.
    62 | D        | Found a white marble altar of Elyvilon.
    62 | D        | Found a shadowy altar of Dithmenos.
    62 | D        | Found a snail-covered altar of Cheibriados.
    64 | D        | Found a radiant altar of Vehumet.
    64 | D        | Found a corrupted altar of Lugonu.
    65 | D        | Found a hide-covered altar of Uskayaw.
    65 | D        | Found an ancient bone altar of Kikubaaqudgha.
    65 | D        | Found a broken altar of Ashenzari.
    70 | D        | Became a worshipper of Warmaster Okawaru
    92 | D        | Reached skill level 1 in Invocations
    92 | D        | Reached XP level 2. HP: 17/28 MP: 1/1
   218 | D        | Reached skill level 5 in Armour
   234 | D        | Reached skill level 5 in Fighting
   250 | D        | Reached XP level 3. HP: 36/36 MP: 3/3
   314 | D        | Noticed a sky beast
   359 | D        | Killed a sky beast
   359 | D        | Reached * piety under Okawaru
   360 | D        | Reached skill level 1 in Dodging
   360 | D        | Reached skill level 5 in Shields
   360 | D        | Reached XP level 4. HP: 34/45 MP: 3/5
   360 | D        | Reached XP level 5. HP: 38/51 MP: 3/6
   489 | D        | Noticed an orc knight
   504 | D        | Mangled by an orc knight

Illustrated notes

Levels and vault maps discovered:
D:        pitsprint [storerooms_1, entrance_room_1, metal_vault_6, armoury_2,
          mini_pit_1, grid_room_1, main_hall_1, silver_pit, the_coven_3,
          the_vestibule_1, steel_vault_5, golden_pit, hallway_of_sentries,
          crystal_vault_3, iron_vault_4, final_vault]

Skill      XL: |  1  2  3  4  5 |
---------------+----------------+-----
Fighting       | 4 5 6 |  6.9
Armour         | 4 5 6 |  6.7
Shields        | 4 5 6 |  6.2
Axes           | 3 6 |  6.7
Invocations    | 1 3 4 |  4.0
Dodging        | 1 |  1.6

Action                   |  1- 3 |  4- 6 || total
-------------------------+-------+-------++-------
Melee: War axe           |     7 |       ||     7
       Hand axe          |    50 |    15 ||    65
       Headbutt          |     6 |     4 ||    10
Invok: Heroism           |       |     1 ||     1
  Use: Potion            |     2 |     3 ||     5
Armor: Scale mail        |    10 |       ||    10
       Chain mail        |    23 |     1 ||    24
Dodge: Dodged            |    17 |     5 ||    22
Block: Buckler           |    11 |     1 ||    12

Table legend: (Time is in decaauts)
 A = Elapsed time spent in this place.
 B = Non-inter-level travel time spent in this place.
 C = Inter-level travel time spent in this place.
 D = Time resting spent in this place.
 E = Time spent auto-exploring this place.
 F = Levels seen in this place.
 G = Mean time per level.
                   A        B        C        D        E       F      G
               +--------+--------+--------+--------+--------+-----+--------+
         Total |    511 |    511 |      0 |    217 |     14 |   1 |  511.0 |
       Dungeon |    511 |    511 |      0 |    217 |     14 |   1 |  511.0 |
               +--------+--------+--------+--------+--------+-----+--------+

Top non-repeatable levels by time:
       D: 511 daAuts
